 Dungeon Crawl Stone Soup version 0.29-a0-321-gf1c400731a (webtiles) character file.

Game seed: 179667648068987099

43786 Dabor the Covert (level 14, 0/112 HPs)
             Began as an Octopode Transmuter on Apr 3, 2022.
             Was a High Priest of Wu Jian.
             Slain by a death yak (19 damage)
             ... on level 5 of the Lair of Beasts.
             The game lasted 01:10:04 (27299 turns).

Dabor the Covert (Octopode Transmuter)             Turns: 27299, Time: 01:10:05

Health: 0/112      AC: 12    Str:  9    XL:     14   Next: 25%
Magic:  0/33       EV: 16    Int: 19    God:    Wu Jian [*****.]
Gold:   1141       SH:  0    Dex: 20    Spells: 3/26 levels left

rFire   . . .      SeeInvis .     - Unarmed
rCold   + + +      Faith    .   (shield currently unavailable)
rNeg    . . .      Spirit   +   (helmet currently unavailable)
rPois   +          Reflect  .   l - amulet of guardian spirit
rElec   .          Harm     .   w - ring of magical power
rCorr   .          Rampage  .   H - +6 ring of dexterity
Will    +....                   E - ring of protection from cold
Stlth   +++++.....              d - ring of fire
HPRegen 0.28/turn               (no ring)
MPRegen 0.23/turn               (no ring)
                                (no ring)
                                (no ring)

@: ice-form
A: freezing attack, boosted hp, almost no armour, amphibious, 8 rings, large,
(camouflage 1), (gelatinous body 1), (nimble swimmer 1), (tentacles),
(iridescent scales 1), wild magic 1
a: End Transformation, Renounce Religion, Wall Jump, Serpent's Lash, Heavenly
Storm


You were on level 5 of the Lair of Beasts.
You worshipped Wu Jian.
Wu Jian was extremely pleased with you.
You were a creature of crystalline ice.
You visited 2 branches of the dungeon, and saw 16 of its levels.
You also visited: Ossuary and Ice Cave.

You collected 1241 gold pieces.
You spent 100 gold pieces at shops.

Inventory:

Hand Weapons
 g - the +6 hand crossbow "Widowermaker" {elec, Str+2}
   (You found it in an ice cave)

   Any ammunition fired from it occasionally discharges a powerful burst of
   electricity upon striking a foe.
   Str:       It affects your strength (+2).
 r - a +2 short sword of venom
 y - a +4 vorpal falchion
Missiles
 c - 3 javelins
 z - 4 poisoned darts
 A - 4 curare-tipped darts
Armour
 G - a +2 hat (melded)
Magical Staves
 o - a staff of death
 F - a staff of cold (melded)
Jewellery
 d - a ring of fire (on tentacle)
 l - an amulet of guardian spirit (around neck)
 w - a ring of magical power (left front paw)
 E - a ring of protection from cold (on tentacle)
 H - a +6 ring of dexterity (right front paw)
Wands
 m - a wand of iceblast (3)
 u - a wand of flame (8)
 D - a wand of acid (6)
Scrolls
 b - a scroll of magic mapping
 e - 5 scrolls of vulnerability
 f - 7 scrolls of amnesia
 i - 2 scrolls of fear
 j - a scroll of summoning
 n - 8 scrolls of teleportation
 p - 2 scrolls of immolation
 q - 3 scrolls of fog
 s - 2 scrolls of blinking
 B - 2 scrolls of holy word
 I - 2 scrolls of silence
 J - 5 scrolls of identify
 M - 3 scrolls of enchant weapon
Potions
 a - 3 potions of lignification
 h - 4 potions of mutation
 k - 4 potions of flight
 t - a potion of haste
 v - a potion of cancellation
 x - 2 potions of attraction
 C - 3 potions of curing
Miscellaneous
 K - a condenser vane


   Skills:
 - Level 8.0 Fighting
 * Level 10.1 Dodging
 + Level 11.4 Stealth
 + Level 9.9 Unarmed Combat
 + Level 6.8 Spellcasting
 - Level 1.0 Conjurations
 + Level 3.3 Hexes
 + Level 9.9 Necromancy
 - Level 7.0 Transmutations
 - Level 1.0 Fire Magic
 - Level 7.0 Ice Magic
 - Level 6.8 Poison Magic
 + Level 3.3 Evocations


You had 3 spell levels left.
You knew the following spells:

 Your Spells              Type           Power      Damage    Failure   Level
a - Beastly Appendage     Tmut           86%        N/A       1%          1
b - Wereblood             Tmut           43%        N/A       1%          2
c - Spider Form           Tmut/Pois      42%        N/A       3%          3
d - Animate Dead          Necr           27%        N/A       3%          4
e - Ensorcelled Hibernat  Hex/Ice        68%        N/A       3%          2
f - Conjure Flame         Conj/Fire      20%        6-21      28%         3
g - Ice Form              Ice/Tmut       43%        N/A       10%         4
h - Anguish               Hex/Necr       20%        N/A       11%         4

Your spell library contained the following spells:

 Spells                   Type           Power      Damage    Failure   Level
 Freeze                   Ice            100%       1d11      1%          1
 Frozen Ramparts          Ice            86%        1d10      3%          3
 Ignite Poison            Fire/Tmut/Pois 49%        N/A       7%          3
 Tukima's Dance           Hex            25%        N/A       12%         3
 Scorch                   Fire           40%        2d7       16%         2
 Hailstorm                Conj/Ice       28%        3d8       28%         4
 Summon Ice Beast         Ice/Summ       25%        N/A       32%         4
 Simulacrum               Ice/Necr       25%        N/A       54%         6
 Flame Wave               Conj/Fire      20%        2d7       65%         4
 Sticky Flame             Conj/Fire      20%        2d4       65%         4
 Summon Mana Viper        Hex/Summ       16%        N/A       87%         5
 Summon Cactus Giant      Summ           4%         N/A       100%        6
 Enfeeble                 Hex            12%        N/A       100%        7
 Haunt                    Necr/Summ      16%        N/A       100%        7
 Monstrous Menagerie      Summ           4%         N/A       100%        7
 Borgnjor's Revivificati  Necr           27%        N/A       100%        8
 Infestation              Necr           27%        N/A       100%        8
 Necromutation            Tmut/Necr      25%        N/A       100%        8
 Chain Lightning          Conj/Air       5%         3d6       100%        9
 Death's Door             Necr           27%        N/A       100%        9
 Fire Storm               Conj/Fire      10%        8d3       100%        9
 Shatter                  Erth           4%         3d7*      100%        9


Dungeon Overview and Level Annotations

Branches:
Dungeon (10/15)            Temple (0/1) D:5            Lair (6/6) D:10
 Shoals (0/4) Lair:4       Spider (0/4) Lair:2        Slime (0/5) Lair:5
    Orc (0/2) D:9         Ossuary (visited)           IceCv (visited)

Altars:
Dithmenos
Gozag
Kikubaaqudgha
Wu Jian
Xom
Zin
Beogh
Jiyva

Shops:
D:10 [

Portals:
Abyss: D:7

Annotations:
D:7 4 transporters, fly's ghost, novice KoHu


Innate Abilities, Weirdness & Mutations

You are a creature of crystalline ice.
You have a powerful freezing melee attack.
Your maximum health is increased.
Your armour is entirely melded.
You are incapable of wielding weapons or throwing items.
You cannot wear most types of armour.
You are amphibious.
You can wear up to eight rings at the same time.
((Your skin changes colour to match your surroundings (Stealth+).))
((Your rubbery body absorbs attacks. (AC +1, EV +1)))
((You are camouflaged when in or above water. (Stealth+)))
((You have tentacles for arms and can constrict up to eight enemies at once.))
((You are partially covered in iridescent scales. (AC +2)))
Your spells are a little harder to cast, but a little more powerful.


Message History

Your black mamba zombie bites the death yak.
You punch the death yak! You freeze the death yak.
The death yak is heavily wounded.
Your primal bloodlust is almost over.
Your black mamba zombie bites the death yak.
The death yak closely misses you.
Your black mamba zombie barely misses the death yak.
You pummel the death yak!! You freeze the death yak!
You feel a bit better.
You kill the death yak!
The Council accepts your kill.
There is a stone staircase leading down here.
You climb downwards.
Your mindless puppet stays behind to rot.
Your primal bloodlust has ended.
The death yak gores you!!
There is a stone staircase leading up here.
The death yak misses you.
You climb upwards.
Your black mamba zombie crumbles into dust!
There is a stone staircase leading down here.
You punch the death yak! You freeze the death yak!
The death yak is moderately wounded.
The death yak gores you!
You punch the death yak! You freeze the death yak.
The death yak is heavily wounded.
The death yak gores you!!
You hit the death yak. You freeze the death yak.
The death yak is heavily wounded.
You hit the death yak but do no damage.
The death yak is heavily wounded.
The death yak gores you!
* * * LOW HITPOINT WARNING * * *
You hit the death yak. You freeze the death yak.
The death yak is heavily wounded.
The death yak gores you!
* * * LOW HITPOINT WARNING * * *
You hit the death yak. You freeze the death yak.
The death yak is severely wounded.
The death yak gores you!!
You die...

##....##.#..## #######
##.#.#####....# ###..#.##
#.#..### ##..## #..#.....
##.#...####...## ##........
###..#.##.#.#.####.....###P
##...######..........#### ##
#.#..######..#..##.#.# ###
####..#.#.#...##########.###
#.......Y.P..######.....P
#.#..#P..Y..#..P.##......
###P####............P#...
### #...#P.#P#P#.#####
#.############ ###


You could see a death yak.

Vanquished Creatures
  A frost giant (IceCv)
  6 hydras
  7 death yaks
  2 two-headed ogres
  The ghost of Lonelite the Thaumaturge, a journeyman DECj of Kikubaaqudgha (Lair:3)
  Erica (D:9)
  Amaemon (D:10)
  A deep elf pyromancer (D:10)
  3 black mambas
  5 cane toads
  An ice statue (IceCv)
  An orange demon (D:10)
  7 rime drakes
  7 komodo dragons
  18 polar bears
  A blink frog (Lair:6)
  7 dream sheep (Lair:1)
  3 culicivoras (Lair:2)
  3 wyverns
  29 yaks
  4 wraiths
  3 basilisks
  Grum (D:8)
  2 steam dragons
  Eustachio (D:6)
  A death yak simulacrum (Lair:3)
  Edmund (D:6)
  An acid dragon (D:8)
  Duvessa (D:6)
  A hydra simulacrum (Lair:3)
  8 orc warriors
  11 water moccasins
  A sky beast (D:8)
  An ice beast (D:5)
  A black bear (D:6)
  An ogre (D:4)
  69 wolves
  2 centaurs (Lair:4)
  A kobold brigand (D:6)
  18 bullfrogs
  3 cane toad simulacra (Lair:3)
  A necrophage (D:7)
  3 wights
  Dowan (D:6)
  A blink frog simulacrum (Lair:3)
  3 killer bees (D:8)
  2 electric eels (Lair:3)
  A rime drake simulacrum (Lair:3)
  A hound (D:4)
  7 orc priests
  A gnoll shaman (D:7)
  3 human zombies (Ossuary)
  2 jellies (D:5)
  9 orc wizards
  5 iguanas
  Natasha (thrice) (D:2)
  A yak simulacrum (Lair:3)
  3 mummies (Ossuary)
  5 gnolls (D:7)
  An adder (D:5)
  A shadow imp (D:5)
  4 white imps
  A worm (D:3)
  A dart slug (D:4)
  56 orcs
  3 bats
  12 endoplasms
  9 giant cockroaches
  A gnoll zombie (Ossuary)
  10 goblins
  11 hobgoblins
  11 jackals
  15 kobolds
  3 quokkas
  13 ball pythons
  2 frilled lizards (D:2)
  2 goblin zombies (Ossuary)
  2 hobgoblin zombies (Ossuary)
  4 kobold zombies (Ossuary)
  7 rats
458 creatures vanquished.

Vanquished Creatures (collateral kills)
  A death yak (IceCv)
  2 cane toads (Lair:6)
  A rime drake (Lair:2)
  A freezing wraith (D:9)
  3 yaks
  2 vampire mosquitoes (Lair:6)
10 creatures vanquished.

Vanquished Creatures (others)
  A wolf (IceCv)
  An endoplasm (D:4)
  18 fungi
  47 plants
67 creatures vanquished.

Grand Total: 535 creatures vanquished

Notes
Turn   | Place    | Note
-------+----------+-------------------------------------------
     0 | D:1      | Dabor the Octopode Transmuter began the quest for the Orb.
     0 | D:1      | Reached XP level 1. HP: 13/13 MP: 3/3
   172 | D:1      | Reached XP level 2. HP: 15/18 MP: 3/5
   276 | D:1      | Learned a level 2 spell: Wereblood
   745 | D:1      | Reached skill level 1 in Poison Magic
   763 | D:1      | Reached XP level 3. HP: 19/23 MP: 3/6
   816 | D:1      | Found a faded altar of an unknown god.
   819 | D:1      | Prayed at the altar of an unknown god.
   819 | D:1      | Became a worshipper of the Wu Jian Council
   819 | D:1      | Reached * piety under Wu Jian
  1042 | D:1      | Reached skill level 1 in Stealth
  1270 | D:1      | Learned a level 3 spell: Spider Form
  1671 | D:2      | Found a shimmering altar of Xom.
  1701 | D:2      | Reached XP level 4. HP: 28/28 MP: 7/7
  1704 | D:2      | Reached ** piety under Wu Jian
  1782 | D:2      | Noticed Natasha
  1803 | D:2      | Killed Natasha
  1807 | D:2      | HP: 1/28 [constriction (1)]
  1983 | D:2      | Noticed Natasha
  1990 | D:2      | Killed Natasha
  1991 | D:2      | Reached XP level 5. HP: 15/34 MP: 6/8
  2550 | D:2      | Noticed Natasha
  2556 | D:2      | Killed Natasha
  2922 | D:3      | Reached skill level 2 in Stealth
  3154 | D:3      | Reached XP level 6. HP: 36/39 MP: 10/10
  3690 | D:4      | Reached *** piety under Wu Jian
  4100 | D:4      | Found an ancient bone altar of Kikubaaqudgha.
  4195 | D:5      | Entered Level 5 of the Dungeon
  4220 | D:5      | Found a glowing silver altar of Zin.
  4225 | D:5      | Reached skill level 3 in Stealth
  4326 | D:5      | Gained mutation: Your magical capacity is low. (-10% MP)
                  | [potion of mutation]
  4326 | D:5      | Gained mutation: You are agile. (Dex +2) [potion of
                  | mutation]
  4328 | D:5      | Reached XP level 7. HP: 27/45 MP: 1/10
  4584 | D:5      | Found a staircase to the Ecumenical Temple.
  4870 | D:5      | Found a shadowy altar of Dithmenos.
  5094 | D:5      | Found an ornate altar of the Wu Jian Council.
  5515 | D:6      | Found a sand-covered staircase.
  5520 | Ossuary  | Entered an ossuary
  5520 | Ossuary  | Noticed a wraith
  5520 | Ossuary  | Noticed a wraith
  5520 | Ossuary  | Noticed a wraith
  5597 | Ossuary  | Lost mutation: Your magical capacity is low. (-10% MP)
                  | [potion of mutation]
  5597 | Ossuary  | Lost mutation: You are agile. (Dex +2) [potion of mutation]
  5597 | Ossuary  | Gained mutation: Your flesh is cold resistant. (rC+)
                  | [potion of mutation]
  5597 | Ossuary  | Gained mutation: Your system is resistant to poisons.
                  | (rPois) [potion of mutation]
  5859 | Ossuary  | Reached skill level 5 in Poison Magic
  6178 | Ossuary  | Reached skill level 4 in Stealth
  6214 | Ossuary  | Noticed a wraith
  6217 | Ossuary  | Killed a wraith
  6218 | Ossuary  | Reached XP level 8. HP: 48/52 MP: 11/13
  6463 | D:6      | Noticed Eustachio
  6479 | D:6      | Killed Eustachio
  6637 | D:6      | Noticed Duvessa
  6640 | D:6      | Noticed Dowan
  6709 | D:6      | Found a shimmering altar of Xom.
  6729 | D:6      | Killed Dowan
  6737 | D:6      | Killed Duvessa
  6737 | D:6      | Reached **** piety under Wu Jian
  7039 | D:6      | Noticed Edmund
  7048 | D:6      | Killed Edmund
  7049 | D:6      | Reached skill level 5 in Stealth
  7310 | D:6      | Reached XP level 9. HP: 53/58 MP: 8/15
  7421 | D:6      | Reached skill level 5 in Unarmed Combat
  7575 | D:6      | Learned a level 4 spell: Animate Dead
  7711 | D:7      | Reached skill level 1 in Necromancy
  8370 | D:7      | Found a transporter.
  8389 | D:7      | Found a one-way gate to the infinite horrors of the Abyss.
  8389 | D:7      | Noticed fly's ghost (novice KoHu)
  8447 | D:7      | Found a transporter.
  8461 | D:7      | Found a transporter.
  8673 | D:7      | Reached skill level 6 in Stealth
  8904 | D:7      | Found a transporter.
  9421 | D:8      | Noticed Grum
  9655 | D:7      | Reached skill level 5 in Dodging
  9803 | D:8      | Killed Grum
 10155 | D:8      | Reached skill level 5 in Spellcasting
 10354 | D:8      | Found an opulent altar of Gozag.
 10368 | D:8      | Reached skill level 7 in Stealth
 10651 | D:8      | Reached skill level 5 in Necromancy
 10651 | D:8      | Reached XP level 10. HP: 52/63 MP: 17/17
 11190 | D:8      | Noticed a two-headed ogre
 11225 | D:8      | Killed a two-headed ogre
 12812 | D:9      | Noticed a two-headed ogre
 12862 | D:9      | Killed a two-headed ogre
 13016 | D:9      | Noticed Erica
 13038 | D:9      | Killed Erica
 13099 | D:9      | Learned a level 2 spell: Ensorcelled Hibernation
 13371 | D:9      | Found a staircase to the Orcish Mines.
 13531 | D:10     | Entered Level 10 of the Dungeon
 13767 | D:10     | Noticed Amaemon
 13769 | D:10     | Noticed an orange demon
 13790 | D:10     | Killed an orange demon
 13791 | D:10     | Reached skill level 1 in Evocations
 13791 | D:10     | Reached XP level 11. HP: 59/69 MP: 18/18
 13813 | D:9      | Reached skill level 1 in Hexes
 13813 | D:9      | Reached skill level 1 in Ice Magic
 14378 | D:10     | Noticed a deep elf pyromancer
 14391 | D:10     | Killed a deep elf pyromancer
 14681 | D:10     | Learned a level 3 spell: Conjure Flame
 14731 | D:10     | Killed Amaemon
 15046 | D:10     | Found Ugolo's Antique Armour Shoppe.
 15310 | D:10     | Bought a hat for 100 gold pieces
 15535 | D:10     | Found a staircase to the Lair.
 15835 | Lair:1   | Entered Level 1 of the Lair of Beasts
 16064 | Lair:1   | Noticed a six-headed hydra
 16088 | Lair:1   | Killed an eight-headed hydra
 16089 | Lair:1   | Reached skill level 1 in Conjurations
 16089 | Lair:1   | Reached skill level 5 in Transmutations
 16089 | Lair:1   | Reached skill level 1 in Fire Magic
 16902 | Lair:1   | Learned a level 4 spell: Ice Form
 17998 | Lair:1   | Reached skill level 5 in Ice Magic
 18582 | Lair:2   | Found a hole to the Spider Nest.
 18610 | Lair:2   | Reached XP level 12. HP: 75/76 MP: 17/20
 19002 | Lair:2   | Noticed a five-headed hydra
 19012 | Lair:2   | Killed a five-headed hydra
 19013 | Lair:2   | Reached skill level 5 in Fighting
 19644 | Lair:3   | Noticed a five-headed hydra
 19674 | Lair:3   | Killed a five-headed hydra
 19717 | Lair:3   | Found a frozen archway.
 19730 | IceCv    | Entered an ice cave
 20019 | IceCv    | Found the +4 skin of Zhor {*Englaciate rC+++ SInv}
 20023 | IceCv    | Reached ***** piety under Wu Jian
 20286 | IceCv    | Noticed a death yak
 20287 | IceCv    | Noticed a death yak
 20288 | IceCv    | Noticed a death yak
 20295 | IceCv    | Killed a death yak
 20328 | IceCv    | HP: 2/97 [death yak (14)]
 20334 | IceCv    | Noticed a death yak
 20334 | IceCv    | Noticed a death yak
 20334 | IceCv    | Noticed a frost giant
 20709 | IceCv    | Killed a death yak
 20721 | IceCv    | Killed a death yak
 20722 | IceCv    | Reached skill level 8 in Stealth
 21573 | IceCv    | Reached XP level 13. HP: 71/88 MP: 14/21
 21868 | IceCv    | Reached skill level 9 in Stealth
 21896 | IceCv    | Killed a frost giant
 22665 | IceCv    | Identified the +6 hand crossbow "Widowermaker" {elec,
                  | Str+2}
 22921 | Lair:3   | Found a runed translucent gate.
 22921 | Lair:3   | Found a runed translucent gate.
 22921 | Lair:3   | Found a runed translucent gate.
 22974 | Lair:3   | Noticed Lonelite's ghost (journeyman DECj)
 23053 | Lair:3   | Reached skill level 10 in Stealth
 23158 | Lair:3   | Killed Lonelite's ghost
 23690 | Lair:3   | Identified the +6 chain mail of Incorporation {rElec
                  | Regen+}
 24804 | Lair:4   | Found a staircase to the Shoals.
 24882 | Lair:4   | Learned a level 4 spell: Anguish
 25170 | Lair:4   | Lost mutation: Your flesh is cold resistant. (rC+) [potion
                  | of mutation]
 25170 | Lair:4   | Lost mutation: Your system is resistant to poisons. (rPois)
                  | [potion of mutation]
 25170 | Lair:4   | Gained mutation: Your spells are a little harder to cast,
                  | but a little more powerful. [potion of mutation]
 25170 | Lair:4   | Gained mutation: You are partially covered in iridescent
                  | scales. (AC +2) [potion of mutation]
 25823 | Lair:5   | Reached skill level 11 in Stealth
 25848 | Lair:5   | Reached XP level 14. HP: 77/94 MP: 17/23
 26251 | Lair:5   | Found a shadowy altar of Dithmenos.
 26417 | Lair:5   | Found a staircase to the Slime Pits.
 26419 | Lair:5   | Found a viscous altar of Jiyva.
 26925 | Lair:6   | Entered Level 6 of the Lair of Beasts
 26940 | Lair:6   | Reached skill level 10 in Dodging
 27299 | Lair:5   | Slain by a death yak

Illustrated notes

Levels and vault maps discovered:
D:1:      scummos_arrival_simple_crosswalls, layout_loops_ring,
          hellmonk_ecumenical_altar_heavens_door, due_unseen_surprise
D:2:      minmay_general_purpose_star, layout_basic, basic_altar, uniq_natasha
D:3:      layout_rooms
D:4:      layout_rooms, nicolae_kikubaaqudgha_miasma_corner, minivault_1,
          kennysheep_flooded_box, serial_bayou_lagoon_a
D:5:      layout_loops_ring, lemuel_tele_altar, nicolae_wu_jian_glorious_leap,
          nicolae_dithmenos_shadow_blocks, temple_green, grunt_decor_resistance
D:6:      layout_cave_pools, mainiacjoe_overflow_concentric_impassable,
          enter_ossuary_5, uniq_edmund, uniq_duvessa, uniq_eustachio
D:7:      gammafunk_beogh_shrine, layout_basic, gammafunk_ghost_abyssal_escape,
          minmay_misc_feat_rows
D:8:      layout_basic, mainiacjoe_overflow_boulevard, bh_walls_and_bars,
          uniq_grum
D:9:      layout_cave_pools, david_orc_5, uniq_erica
D:10:     layout_layer_cave, lair_entry_dummy, serial_shops,
          nicolae_shop_hallway_stairs, uniq_amaemon
Lair:1:   layout_layer_cave, grunt_megastairs_4, lemuel_fruit_tree
Lair:2:   layout_chaotic_city, hellmonk_spider_entry_life_and_decay
Lair:3:   layout_small_grid, gammafunk_ghost_icy, portal_ice_cave_rime,
          infiniplex_staircase_pool, serial_bayou_shore_a
Lair:4:   layout_regular_city, minmay_shoals_entry_centaurs,
          lemuel_old_faithful, grunt_megastairs_5
Lair:5:   layout_loops_ring, slime_altar_1, basic_altar, st_stairs_3,
          grunt_forest_large_clearings
Lair:6:   minmay_lair_end_frog_pond, layout_regular_city

Skill      XL: |  1  2  3  4  5  6  7  8  9 10 11 12 13 14 |
---------------+-------------------------------------------+-----
Poison Magic   | 1 2 3 4 5 6 |  6.8
Stealth        | 1 2 3 4 5 7 8 11 | 11.4
Fighting       | 2 3 4 8 |  8.0
Spellcasting   | 3 4 5 6 |  6.8
Dodging        | 3 4 5 6 9 10 | 10.1
Transmutations | 3 4 6 7 |  7.0
Unarmed Combat | 4 6 8 9 |  9.9
Necromancy     | 5 9 |  9.9
Evocations     | 1 2 3 |  3.3
Hexes          | 1 2 3 |  3.3
Ice Magic      | 5 7 |  7.0
Conjurations   | 1 |  1.0
Fire Magic     | 1 |  1.0

Action                   |  1- 3 |  4- 6 |  7- 9 | 10-12 | 13-15 || total
-------------------------+-------+-------+-------+-------+-------++-------
Melee: Unarmed           |   105 |   111 |   221 |   412 |   465 ||  1314
       Tentacles         |    29 |    37 |    50 |    24 |     3 ||   143
       Constrict         |    30 |    30 |    38 |    18 |     2 ||   118
       Kick              |     5 |    22 |       |     3 |       ||    30
       Punch             |     2 |     4 |     6 |     8 |     1 ||    21
       Short sword       |       |    29 |    67 |    18 |       ||   114
       Falchion          |       |       |    93 |    91 |       ||   184
       Staff             |       |       |       |     5 |     6 ||    11
Throw: Dart              |       |       |     4 |    26 |       ||    30
       Javelin           |       |       |       |     9 |       ||     9
 Cast: Beastly Appendage |     3 |    11 |     1 |     4 |       ||    19
       Wereblood         |     3 |     5 |    17 |     9 |    10 ||    44
       Spider Form       |       |     3 |    22 |    12 |       ||    37
       Animate Dead      |       |       |       |    15 |    23 ||    38
       Conjure Flame     |       |       |       |    18 |       ||    18
       Ice Form          |       |       |       |    22 |    30 ||    52
       Ensorcelled Hiber |       |       |       |     6 |       ||     6
Invok: Lunge             |    10 |     8 |    35 |    22 |    20 ||    95
       Whirlwind         |     1 |    15 |   111 |    58 |    74 ||   259
       Serpent's Lash    |       |       |     1 |     2 |       ||     3
       Heavenly Storm    |       |       |       |       |     1 ||     1
 Abil: End Transformatio |       |       |     1 |       |       ||     1
       Wall Jump         |       |       |       |     1 |     2 ||     3
Evoke: Wand              |       |       |       |    31 |    16 ||    47
  Use: Scroll            |       |    11 |     7 |    22 |       ||    40
       Potion            |       |     3 |     4 |    22 |     4 ||    33
 Stab: Sleeping          |     8 |    12 |    16 |    15 |    10 ||    61
       Paralysed         |       |       |       |     6 |       ||     6
       Distracted        |       |       |       |     2 |     2 ||     4
Armor: Skin              |     3 |     7 |    30 |   156 |   132 ||   328
Dodge: Dodged            |    51 |   100 |   266 |   388 |   442 ||  1247

Table legend: (Time is in decaauts)
 A = Elapsed time spent in this place.
 B = Non-inter-level travel time spent in this place.
 C = Inter-level travel time spent in this place.
 D = Time resting spent in this place.
 E = Time spent auto-exploring this place.
 F = Levels seen in this place.
 G = Mean time per level.
                   A        B        C        D        E       F      G
               +--------+--------+--------+--------+--------+-----+--------+
         Total |  27266 |  26573 |    693 |   8780 |  12197 |  18 | 1514.8 |
       Dungeon |  15466 |  14921 |    545 |   4917 |   7188 |  10 | 1546.6 |
          Lair |   7825 |   7678 |    147 |   1668 |   4351 |   6 | 1304.2 |
       Ossuary |    864 |    864 |      0 |    194 |    417 |   1 |  864.0 |
      Ice Cave |   3110 |   3110 |      0 |   2000 |    241 |   1 | 3110.0 |
               +--------+--------+--------+--------+--------+-----+--------+

Top non-repeatable levels by time:
   IceCv: 3110 daAuts
     D:8: 2697 daAuts
  Lair:1: 2245 daAuts
    D:10: 2207 daAuts
     D:7: 2079 daAuts
     D:2: 1539 daAuts
     D:9: 1532 daAuts
  Lair:3: 1522 daAuts
  Lair:5: 1455 daAuts
     D:6: 1396 daAuts
     D:5: 1365 daAuts
     D:1: 1296 daAuts
  Lair:4: 1294 daAuts
  Lair:2: 1245 daAuts
 Ossuary: 864 daAuts
